 Dungeon Crawl Stone Soup version 0.30-a0-439-g9e77e4d916 (webtiles) character file.

Game seed: 18210559695669002233

24930 p00ps00p the Severer (level 13, -2/122 HPs)
             Began as a Hill Orc Fighter on Dec 11, 2022.
             Was an Initiate of Gozag.
             Slain by a cane toad (17 damage)
             ... on level 2 of the Lair of Beasts.
             The game lasted 00:32:32 (14696 turns).

p00ps00p the Severer (Hill Orc Fighter)            Turns: 14696, Time: 00:32:33

Health: -2/122     AC: 18    Str: 30    XL:     13   Next: 16%
Magic:  13/13      EV: 10    Int: 15    God:    Gozag
Gold:   348        SH: 24    Dex: 10    Spells: 12/12 levels left

rFire   . . .      SeeInvis +    v - +0 broad axe (venom)
rCold   . . .      Faith    .    h - +3 tower shield
rNeg    . . .      Spirit   .    w - +2 chain mail {rPois}
rPois   +          Reflect  +    (no helmet)
rElec   .          Harm     .    r - +0 cloak
rCorr   .          Rampage  .    u - +1 pair of gloves
Will    .....                    (no boots)
Stlth   ..........               H - amulet "Qulum" {Reflect Regen+ SH+5 SInv}
HPRegen 1.20/turn                s - +6 ring of strength
MPRegen 0.13/turn                o - ring of Igecrefe {EV+4 Int+7 SInv}

@: gold aura, studying Axes
A: no striking features
a: Renounce Religion, Potion Petition, Call Merchant, Bribe Branch


You were on level 2 of the Lair of Beasts.
You worshipped Gozag.
Gozag was aware of your devotion.
You visited 4 branches of the dungeon, and saw 15 of its levels.
You also visited: Bailey.

You collected 3818 gold pieces.
You spent 1810 gold pieces at shops.
You paid 1660 gold pieces to Gozag.

Inventory:

Hand Weapons
 a - a +2 war axe of protection
 v - a +0 broad axe of venom (weapon)
 I - a +4 scimitar of flaming
Missiles
 l - 5 atropa-tipped darts (quivered)
 p - 3 boomerangs of dispersal
 q - 2 throwing nets
Armour
 g - a +4 plate armour
 h - a +3 tower shield (worn)
 r - a +0 cloak (worn)
 u - a +1 pair of gloves (worn)
 w - a +2 chain mail of poison resistance (worn)
 F - a +1 plate armour of positive energy
Jewellery
 o - the ring of Igecrefe (right hand) {EV+4 Int+7 SInv}
   (You bought it in a shop on level 1 of the Orcish Mines)

   [ring of evasion]

   EV:        It affects your evasion (+4).
   Int:       It affects your intelligence (+7).
   SInv:      It lets you see invisible.
 s - a +6 ring of strength (left hand)
 H - the amulet "Qulum" (around neck) {Reflect Regen+ SH+5 SInv}
   (You bought it in a shop on level 8 of the Dungeon)

   [amulet of reflection]

   It reflects blocked missile attacks.
   SInv:      It lets you see invisible.
   Regen:     It increases your rate of health regeneration.
   SH:        It affects your SH (+5).
 J - a ring of ice
Wands
 b - a wand of polymorph (4)
 f - a wand of flame (75)
 n - a wand of quicksilver (16)
 D - a wand of iceblast (4)
Scrolls
 c - a scroll of identify
 j - 2 scrolls of magic mapping
 y - a scroll of silence
 C - a scroll of teleportation
Potions
 d - a potion of brilliance {unknown}
 e - 2 potions of lignification {unknown}
 i - 5 potions of flight
 k - 4 potions of attraction
 m - 2 potions of curing
 x - a potion of haste
 z - a potion of magic {unknown}
 A - 6 potions of heal wounds
 B - a potion of resistance
 E - 2 potions of cancellation {unknown}
 G - a potion of mutation {unknown}
 K - 2 potions of ambrosia {unknown}
 L - a potion of might


   Skills:
 + Level 13.5 Fighting
 + Level 17.5 Axes
 + Level 12.5 Armour
 + Level 12.5 Shields


You had 12 spell levels left.
You didn't know any spells.
Your spell library contained the following spells:

 Spells                   Type           Power      Damage    Failure   Level
 Apportation              Tloc           0%         N/A       99%         1
 Necrotise                Necr           0%         1d4       99%         1
 Sting                    Tmut/Pois      0%         1d3       99%         1
 Summon Small Mammal      Summ           0%         N/A       99%         1
 Poisonous Vapours        Pois/Air       0%         N/A       100%        2
 Call Canine Familiar     Summ           0%         N/A       100%        3
 Inner Flame              Hex/Fire       0%         N/A       100%        3
 Summon Guardian Golem    Hex/Summ       0%         N/A       100%        3
 Cause Fear               Hex            0%         N/A       100%        4
 Manifold Assault         Tloc           0%         N/A       100%        4
 Olgreb's Toxic Radiance  Pois           0%         N/A       100%        4
 Dispersal                Tloc           0%         N/A       100%        6
 Discord                  Hex            0%         N/A       100%        8
 Disjunction              Tloc           0%         N/A       100%        8


Dungeon Overview and Level Annotations

Branches:
Dungeon (10/15)            Temple (1/1) D:6            Lair (2/5) D:8
    Orc (2/2) D:10         Bailey (visited)
  Swamp: Lair:2-3    Shoals: Lair:2-3     Snake: Lair:2-3    Spider: Lair:2-3
    Elf: Orc:2

Altars:
Ashenzari
Cheibriados
Dithmenos
Elyvilon
Fedhas
Gozag
Hepliaklqana
Kikubaaqudgha
Makhleb
Nemelex Xobeh
Okawaru
Qazlal
Ru
Sif Muna
Trog
Uskayaw
Vehumet
Wu Jian
Xom
Yredelemnul
Zin
The Shining One
Beogh

Shops:
D:2 *   D:8 =   Orc:1 =   Lair:2 *

Annotations:
Orc:1 4 transporters, 3 runed translucent doors, Siyfonof's ghost, journeyman MiFi


Message History

You burn the five-headed hydra.
The five-headed hydra is no longer distracted by gold.
The five-headed hydra is severely wounded.
The cane toad is no longer distracted by gold.
You block the five-headed hydra's attack.
The five-headed hydra bites you!
* * * LOW HITPOINT WARNING * * *
You block the five-headed hydra's attack. x3
The five-headed hydra closely misses you.
The five-headed hydra bites you but does no damage.
The five-headed hydra bites you!
* * * LOW HITPOINT WARNING * * *
You block the five-headed hydra's attack.
The five-headed hydra barely misses you.
You chop one of the five-headed hydra's heads off!
The flame cauterises the wound!
You hit the four-headed hydra. You burn the four-headed hydra.
The four-headed hydra is almost dead.
The four-headed hydra closely misses you.
You block the four-headed hydra's attack. x3
You slice one of the four-headed hydra's heads off!
The flame cauterises the wound!
You slash the three-headed hydra! You burn the three-headed hydra.
You kill the three-headed hydra!
You block the cane toad's attack.
Your +4 scimitar of flaming stops flaming.
Your +0 broad axe of venom begins to drip with poison!
v - a +0 broad axe of venom (weapon)
The cane toad stings you but does no damage.
You slash the cane toad!
The cane toad is almost dead.
You block the cane toad's attack.
You hit the cane toad.
The cane toad is almost dead.
The cane toad barely misses you.
You barely miss the cane toad.
The cane toad is almost dead.
The cane toad stings you!
You die...
Your body crumbles into a pile of gold.

........##.#....##......##
#.
.........#^.##.###.##....#
#.
.........................#
#.
#.##############.#########
## ..# ♣. ♣.♣ .♣ #.# ♣.
♣.♣ .♣ ### ♣. ♣.♣ .♣
♣$♣$♣.♣ ♣$@$♣ # #♣F♣# ##
... #. $ ##### ###. ##...
#####...P #..P..#.#
#....#.## ## $ #...####


You could see a cane toad.

Vanquished Creatures
  An orc warlord (Bailey)
  Fannar (Lair:2)
  A hydra (Lair:2)
  Erica (D:8)
  A death yak (Lair:2)
  An orc knight (Bailey)
  An orc sorcerer (D:10)
  A manticore (D:9)
  3 elephants (Lair:2)
  8 cane toads
  Maggie (D:9)
  A rime drake (Lair:1)
  Psyche (D:8)
  3 komodo dragons
  4 trolls
  A hornet (D:9)
  6 blink frogs (Lair:2)
  2 wyverns
  A wraith (D:9)
  A basilisk (Lair:2)
  31 yaks
  3 wargs
  A steam dragon (D:9)
  Menkaure (D:7)
  5 water moccasins
  Duvessa (D:4)
  26 orc warriors
  4 ice beasts
  3 black bears
  A wolf (Lair:2)
  7 ogres
  A centaur (D:7)
  A phantom (D:6)
  2 kobold brigands
  3 bullfrogs
  A gnoll sergeant (D:5)
  3 necrophages
  7 scorpions
  7 wights
  Dowan (D:4)
  4 killer bees (D:9)
  2 howler monkeys
  3 jellies
  9 orc priests
  A gnoll bouda (D:6)
  3 hounds
  Terence (D:2)
  7 iguanas
  Ijyb (D:4)
  16 orc wizards
  12 gnolls
  10 adders
  2 shadow imps
  A white imp (D:8)
  2 dart slugs
  70 orcs
  4 bats
  11 endoplasms
  4 giant cockroaches
  14 goblins
  18 hobgoblins
  8 jackals
  2 quokkas
  7 ball pythons
  7 frilled lizards
  14 kobolds
  7 rats (D:1)
389 creatures vanquished.

Vanquished Creatures (collateral kills)
  A catoblepas (Lair:1)
  A gnoll (Bailey)
  2 goblins (Bailey)
4 creatures vanquished.

Vanquished Creatures (others)
  A kobold (D:8)
  19 fungi
  21 plants
41 creatures vanquished.

Grand Total: 434 creatures vanquished

Notes
Turn   | Place    | Note
-------+----------+-------------------------------------------
     0 | D:1      | p00ps00p the Hill Orc Fighter began the quest for the Orb.
     0 | D:1      | Reached XP level 1. HP: 19/19 MP: 1/1
    92 | D:1      | Found a faded altar of an unknown god.
   188 | D:1      | Reached skill level 3 in Axes
   188 | D:1      | Reached XP level 2. HP: 27/27 MP: 2/2
   576 | D:1      | Reached XP level 3. HP: 28/33 MP: 3/3
  1071 | D:2      | You fall into a shaft and drop 1 floor!
  1410 | D:2      | Noticed Terence
  1430 | D:2      | Killed Terence
  1431 | D:2      | Reached XP level 4. HP: 38/41 MP: 4/4
  1731 | D:2      | Reached skill level 4 in Axes
  2078 | D:2      | Reached XP level 5. HP: 47/47 MP: 5/5
  2079 | D:2      | Found Xamy's General Store.
  2087 | D:2      | Bought a scroll of brand weapon for 104 gold pieces
  2682 | D:4      | Reached skill level 5 in Fighting
  2682 | D:4      | Reached XP level 6. HP: 56/56 MP: 6/6
  2764 | D:4      | Reached skill level 5 in Axes
  2776 | D:4      | Reached skill level 5 in Armour
  2776 | D:4      | Reached skill level 5 in Shields
  2776 | D:4      | Reached XP level 7. HP: 40/60 MP: 7/7
  3183 | D:4      | Noticed Duvessa
  3195 | D:4      | Killed Duvessa
  3411 | D:4      | Noticed Dowan
  3432 | D:4      | Killed Dowan
  3673 | D:4      | Noticed Ijyb
  3684 | D:4      | Killed Ijyb
  3829 | D:4      | Reached skill level 6 in Axes
  4109 | D:5      | Entered Level 5 of the Dungeon
  4202 | D:5      | Reached XP level 8. HP: 71/71 MP: 8/8
  4775 | D:5      | Reached skill level 7 in Axes
  5080 | D:6      | Found a staircase to the Ecumenical Temple.
  5110 | Temple   | Entered the Ecumenical Temple
  5285 | Temple   | Became a worshipper of Gozag Ym Sagoz the Greedy
  5412 | D:6      | Reached XP level 9. HP: 79/79 MP: 9/9
  6174 | D:2      | Bought a scroll of enchant weapon for 82 gold pieces
  6336 | D:7      | Found a flagged portal.
  6347 | D:7      | Reached skill level 8 in Axes
  6370 | Bailey   | Entered a bailey
  6524 | Bailey   | Noticed an orc knight
  6545 | Bailey   | Killed an orc knight
  6546 | Bailey   | Reached skill level 9 in Axes
  6615 | Bailey   | Reached XP level 10. HP: 39/91 MP: 10/10
  6907 | Bailey   | Noticed an orc warlord
  7357 | Bailey   | Killed an orc warlord
  7358 | Bailey   | Reached skill level 10 in Axes
  7803 | Bailey   | Acquired a manual of Axes
  7988 | D:7      | Noticed Menkaure
  7995 | D:7      | Killed Menkaure
  8486 | D:7      | Reached skill level 10 in Fighting
  8666 | D:8      | Noticed Erica
  8701 | D:8      | Reached skill level 11 in Axes
  9114 | D:8      | Found a staircase to the Lair.
  9401 | D:8      | Found the +3 Mad Mage's Maulers {Infuse+∞ RegenMP Int-3}
  9511 | D:8      | Found a white marble altar of Elyvilon.
  9517 | D:8      | Found a stormy altar of Qazlal.
  9524 | D:8      | Found a snail-covered altar of Cheibriados.
  9589 | D:8      | Noticed Psyche
  9602 | D:8      | Killed Erica
  9603 | D:8      | Reached XP level 11. HP: 60/101 MP: 11/11
  9604 | D:8      | Killed Psyche
  9736 | D:8      | Reached skill level 12 in Axes
  9938 | D:8      | Identified the +3 buckler of Jusuuraj {Str+10 Stlth-}
 10129 | D:9      | Noticed Maggie
 10154 | D:9      | Reached skill level 10 in Armour
 10155 | D:9      | Noticed a manticore
 10159 | D:9      | Killed Maggie
 10160 | D:9      | Reached skill level 10 in Shields
 10719 | D:9      | Killed a manticore
 10720 | D:9      | Reached skill level 13 in Axes
 11169 | D:10     | Entered Level 10 of the Dungeon
 11276 | D:10     | Found a staircase to the Orcish Mines.
 11379 | D:8      | Bought the amulet "Qulum" {Reflect Regen+ SH+5 SInv} for
                  | 659 gold pieces
 11473 | Orc:1    | Entered Level 1 of the Orcish Mines
 11473 | Orc:1    | Noticed an orc sorcerer
 11541 | D:10     | Noticed a soul eater
 11546 | D:10     | Paralysed by an orc sorcerer for 2 turns
 11547 | D:10     | Killed an orc sorcerer
 11562 | Orc:1    | Found Ysarphytz's Jewellery Emporium.
 11977 | Orc:2    | Entered Level 2 of the Orcish Mines
 12064 | Orc:1    | Bought the ring of Igecrefe {EV+4 Int+7 SInv} for 680 gold
                  | pieces
 12292 | Orc:2    | Reached skill level 14 in Axes
 12478 | Orc:1    | Found an ornate altar of the Wu Jian Council.
 12479 | Orc:1    | Found a transporter.
 12492 | Orc:1    | Found a transporter.
 12499 | Orc:1    | Found a transporter.
 12499 | Orc:1    | Noticed an orc knight
 12500 | Orc:1    | Noticed an orc knight
 12519 | Orc:1    | Found a transporter.
 12520 | Orc:1    | Found an ornate altar of the Wu Jian Council.
 12520 | Orc:1    | Noticed an orc warlord
 12565 | Orc:1    | Found a runed translucent gate.
 12566 | Orc:1    | Found a runed translucent gate.
 12566 | Orc:1    | Found a runed translucent gate.
 12567 | Orc:1    | Identified the +3 chain mail of Trumpets {rC+}
 12567 | Orc:1    | Noticed an orc warlord
 12567 | Orc:1    | Noticed an orc knight
 12567 | Orc:1    | Noticed an orc knight
 12568 | Orc:1    | Noticed Siyfonof's ghost (journeyman MiFi)
 12568 | Orc:1    | Noticed an orc knight
 12568 | Orc:1    | Noticed an orc high priest
 12571 | Orc:1    | Noticed an orc knight
 12631 | Orc:1    | Found a roughly hewn altar of Beogh.
 13077 | Lair:1   | Entered Level 1 of the Lair of Beasts
 13150 | Lair:1   | Reached XP level 12. HP: 100/112 MP: 12/12
 13196 | Lair:1   | Reached skill level 15 in Axes
 13799 | Lair:2   | Noticed a catoblepas
 13846 | Lair:1   | Killed a catoblepas
 13847 | Lair:1   | Reached skill level 16 in Axes
 14118 | Lair:2   | Noticed Fannar
 14130 | Lair:2   | Killed Fannar
 14162 | Lair:2   | Bought a scroll of brand weapon for 285 gold pieces
 14501 | Lair:2   | Reached skill level 17 in Axes
 14504 | Lair:2   | Reached XP level 13. HP: 84/122 MP: 13/13
 14696 | Lair:2   | Slain by a cane toad

Illustrated notes

Levels and vault maps discovered:
D:1:      dpeg_arrival_ratfight, layout_basic, basic_ecumenical_altar
D:2:      layout_basic, serial_shops, shop, uniq_terence
D:3:      layout_loops_corners
D:4:      layout_basic, uniq_ijyb, uniq_duvessa
D:5:      layout_gridville, chequers_jeans
D:6:      layout_basic, minmay_temple_entry_water_ring, serial_bayou_crossing
D:7:      layout_rooms, enter_bailey_2, uniq_menkaure
D:8:      layout_loops_ring, minmay_overflow_temple_star_quad,
          grunt_lair_entry_orc_guard_hut, minivault_21, uniq_erica, uniq_psyche
D:9:      layout_cave_pools, minmay_lizard_king, uniq_maggie
D:10:     layout_loops_ring, hiddenorc1_lemuel, nicolae_eternal_life,
          blue_anna_alchemist
Temple:   nicolae_temple_bog_church
Lair:1:   layout_roguey
Lair:2:   nzn_winding_woodlands_three_and_one
          [nzn_winding_woodlands_5x15_sawtooth,
          nzn_winding_woodlands_5x15_cabin,
          nzn_winding_woodlands_5x15_pathside_ponds,
          nzn_winding_woodlands_center_triple_pond], layout_cave_pods,
          uniq_fannar
Orc:1:    dreamdust_wu_jian_sword_trials, layout_caves, serial_shops,
          nicolae_shop_window_shopping, biasface_ghost_orc_armoury
Orc:2:    st_orc_congregation, layout_caves, mines1_david

Skill      XL: |  1  2  3  4  5  6  7  8  9 10 11 12 |
---------------+-------------------------------------+-----
Axes           | 3 4 5 6 7 9 11 14 17 | 17.5
Fighting       | 4 5 6 7 9 10 11 13 | 13.5
Shields        | 4 5 6 8 9 10 12 | 12.5
Armour         | 4 5 6 8 9 11 12 | 12.5

Action                   |  1- 3 |  4- 6 |  7- 9 | 10-12 | 13-15 || total
-------------------------+-------+-------+-------+-------+-------++-------
Melee: War axe           |    99 |    76 |   227 |    85 |       ||   487
       Unarmed           |       |       |     6 |     7 |       ||    13
       Hand axe          |       |       |    70 |   739 |       ||   809
       Broad axe         |       |       |       |    63 |    30 ||    93
       Scimitar          |       |       |       |       |     6 ||     6
Invok: Call Merchant     |       |       |       |     2 |       ||     2
Evoke: Wand              |       |       |     7 |    15 |       ||    22
  Use: Scroll            |     5 |     2 |     8 |    17 |       ||    32
       Potion            |       |       |       |     2 |       ||     2
 Stab: Distracted        |       |       |       |     5 |       ||     5
Armor: Scale mail        |    41 |       |       |       |       ||    41
       Plate armour      |       |    56 |   172 |   250 |       ||   478
       Skin              |       |       |       |     6 |       ||     6
       Chain mail        |       |       |       |    64 |    15 ||    79
Dodge: Dodged            |    52 |    20 |    39 |   135 |    12 ||   258
Block: Buckler           |    22 |    18 |     5 |       |       ||    45
       Tower shield      |       |       |   285 |   821 |    51 ||  1157
       Reflection        |       |       |     1 |     8 |       ||     9

Table legend: (Time is in decaauts)
 A = Elapsed time spent in this place.
 B = Non-inter-level travel time spent in this place.
 C = Inter-level travel time spent in this place.
 D = Time resting spent in this place.
 E = Time spent auto-exploring this place.
 F = Levels seen in this place.
 G = Mean time per level.
                   A        B        C        D        E       F      G
               +--------+--------+--------+--------+--------+-----+--------+
         Total |  14880 |  13550 |   1330 |   2313 |   7123 |  16 |  930.0 |
       Dungeon |  10376 |   9254 |   1122 |   1277 |   5577 |  10 | 1037.6 |
        Temple |    194 |    158 |     36 |      0 |    140 |   1 |  194.0 |
          Lair |   1533 |   1518 |     15 |    194 |    804 |   2 |  766.5 |
  Orcish Mines |   1279 |   1123 |    156 |      0 |    509 |   2 |  639.5 |
        Bailey |   1496 |   1496 |      0 |    842 |     92 |   1 | 1496.0 |
               +--------+--------+--------+--------+--------+-----+--------+

Top non-repeatable levels by time:
     D:8: 2026 daAuts
  Bailey: 1496 daAuts
     D:4: 1368 daAuts
     D:1: 1069 daAuts
     D:6: 1055 daAuts
     D:2: 1007 daAuts
     D:5: 980 daAuts
     D:3: 955 daAuts
   Orc:1: 885 daAuts
     D:7: 823 daAuts
     D:9: 818 daAuts
  Lair:1: 783 daAuts
  Lair:2: 749 daAuts
   Orc:2: 394 daAuts
    D:10: 270 daAuts
